 Dungeon Crawl Stone Soup version 0.29.1-1-gd02db6906a (webtiles) character file.

Game seed: 3767791513004006906

7219 LustLizard the Carver (level 10, -3/83 HPs)
             Began as a Demonspawn Fighter on Oct 5, 2022.
             Was a Priest of Okawaru.
             Slain by an eight-headed hydra (9 damage)
             ... on level 1 of the Lair of Beasts.
             The game lasted 00:18:33 (14089 turns).

LustLizard the Carver (Demonspawn Fighter)         Turns: 14089, Time: 00:18:33

Health: -3/83      AC: 14    Str: 17    XL:     10   Next: 87%
Magic:  10/10      EV:  6    Int:  9    God:    Okawaru [***...]
Gold:   806        SH:  5    Dex: 17    Spells: 9/9 levels left

rFire   + . .      SeeInvis +   H - +3 long sword
rCold   + . .      Faith    .   c - +0 buckler
rNeg    . . .      Spirit   .   x - +0 plate armour
rPois   .          Reflect  .   (no helmet)
rElec   .          Harm     .   m - scarf {rC+ rF+}
rCorr   .          Rampage  .   g - +0 pair of gloves
Will    .....                   (no boots)
Stlth   ..........              K - amulet of regeneration
HPRegen 1.03/turn               z - ring of see invisible
MPRegen 0.12/turn               (no ring)

@: no status effects
A: hooves 2, icy blue scales 1, powered by pain 1
a: Renounce Religion, Heroism


You were on level 1 of the Lair of Beasts.
You worshipped Okawaru.
Okawaru was most pleased with you.
You visited 3 branches of the dungeon, and saw 12 of its levels.
You also visited: Sewer.

You collected 894 gold pieces.
You spent 88 gold pieces at shops.

Inventory:

Hand Weapons
 a - a +0 long sword
 H - a +3 long sword (weapon)
Missiles
 k - 57 stones
 t - 19 boomerangs
 C - 33 poisoned darts (quivered)
Armour
 b - a +0 scale mail
 c - a +0 buckler (worn)
 f - a +0 chain mail
 g - a +0 pair of gloves (worn)
 m - a scarf of resistance (worn)
 x - a +0 plate armour (worn)
Jewellery
 e - an amulet of magic regeneration
 z - a ring of see invisible (left hand)
 K - an amulet of regeneration (around neck)
Wands
 A - a wand of iceblast (29)
 E - a wand of charming (15)
 N - a wand of polymorph (7)
Scrolls
 i - 6 scrolls of teleportation
 n - 2 scrolls of enchant weapon {unknown}
 o - 3 scrolls of poison
 q - a scroll of summoning {unknown}
 r - 2 scrolls of blinking {unknown}
 u - a scroll of torment {unknown}
 v - a scroll of brand weapon {unknown}
 w - a scroll of vulnerability
 y - a scroll of fear
 B - a scroll of fog
 G - 4 scrolls of amnesia {unknown}
 J - a scroll of enchant armour
 L - 3 scrolls of noise
Potions
 d - 3 potions of magic
 h - 3 potions of heal wounds
 j - 2 potions of lignification
 l - 12 potions of degeneration
 p - 3 potions of curing
 s - 2 potions of brilliance
 D - 2 potions of might
 F - 2 potions of flight
 I - a potion of invisibility
 M - a potion of attraction {unknown}


   Skills:
 + Level 9.0 Fighting
 * Level 11.2 Long Blades
 - Level 4.0 Throwing
 - Level 2.6 Armour
 - Level 6.0 Dodging
 - Level 2.6 Shields


You had 9 spell levels left.
You didn't know any spells.
Your spell library contained the following spells:

 Spells                   Type           Power      Damage    Failure   Level
 Apportation              Tloc           0%         N/A       100%        1
 Necrotise                Necr           0%         1d4       100%        1
 Conjure Flame            Conj/Fire      0%         6-21      100%        3
 Ignite Poison            Fire/Tmut/Pois 0%         N/A       100%        3
 Portal Projectile        Hex/Tloc       0%         N/A       100%        3
 Anguish                  Hex/Necr       0%         N/A       100%        4
 Leda's Liquefaction      Hex/Erth       0%         N/A       100%        4
 Sticky Flame             Conj/Fire      0%         2d3       100%        4
 Enfeeble                 Hex            0%         N/A       100%        7
 Summon Small Mammal      Summ           Unusable   N/A       N/A         1
 Call Canine Familiar     Summ           Unusable   N/A       N/A         3

Dungeon Overview and Level Annotations

Branches:
Dungeon (10/15)            Temple (1/1) D:6            Lair (1/5) D:9
    Orc (0/2) D:10          Sewer (visited)

Altars:
Ashenzari
Cheibriados
Dithmenos
Fedhas
Gozag
Hepliaklqana
Kikubaaqudgha
Makhleb
Nemelex Xobeh
Okawaru
Qazlal
Ru
Sif Muna
Trog
Uskayaw
Vehumet
Wu Jian
Xom
Yredelemnul

Shops:
D:6 !


Innate Abilities, Weirdness & Mutations

You have hoof-like feet.
You are partially covered in icy blue scales. (AC +2)
You sometimes gain a little power by taking damage.


Message History

The cane toad stings you but does no damage.
The cane toad attacks as you move away!
The cane toad stings you but does no damage.
The eight-headed hydra attacks as you move away!
The eight-headed hydra bites you but does no damage.
The eight-headed hydra bites you.
The eight-headed hydra barely misses you.
The eight-headed hydra bites you! The eight-headed hydra bites you.
The eight-headed hydra bites you but does no damage. x2
You block the eight-headed hydra's attack.
The cane toad closely misses you.
The cane toad stings you but does no damage.
The eight-headed hydra bites you.
The eight-headed hydra barely misses you.
The eight-headed hydra bites you. x2; The eight-headed hydra bites you!
The eight-headed hydra bites you. x2
You block the eight-headed hydra's attack.
The eight-headed hydra attacks as you move away!
The eight-headed hydra closely misses you.
The eight-headed hydra bites you!
* * * LOW HITPOINT WARNING * * *
The eight-headed hydra barely misses you.
The eight-headed hydra bites you.
* * * LOW HITPOINT WARNING * * *
The eight-headed hydra barely misses you. x2
The eight-headed hydra bites you but does no damage.
You block the eight-headed hydra's attack.
The cane toad barely misses you. x2
There is a staircase back to the Dungeon here.
The eight-headed hydra bites you but does no damage.
The eight-headed hydra bites you.
* * * LOW HITPOINT WARNING * * *
The eight-headed hydra closely misses you.
The eight-headed hydra bites you.
* * * LOW HITPOINT WARNING * * *
The eight-headed hydra bites you!
* * * LOW HITPOINT WARNING * * *
The eight-headed hydra barely misses you.
The eight-headed hydra bites you!
You die...

..................
..................
..................
..................
########.......#P#
#......## #
#......# #.F....#
#.D@...# #.......#
#......## #......#
#.......#
.......##
..........
...........


You could see an eight-headed hydra and a cane toad.

Vanquished Creatures
  Pikel (D:4)
  Joseph (D:7)
  Psyche (D:8)
  A kobold demonologist (D:10)
  A troll (D:9)
  A shadow (D:9)
  A wraith (D:10)
  3 wyverns
  2 steam dragons
  Eustachio (D:4)
  Menkaure (D:4)
  An acid dragon (D:9)
  4 water moccasins
  5 orc warriors
  2 sky beasts
  A black bear (D:6)
  A swamp drake (D:10)
  4 centaurs
  3 ogres
  A lemure (D:4)
  7 bullfrogs
  3 kobold brigands
  2 phantoms
  4 scorpions
  5 wights (D:6)
  A killer bee (D:10)
  3 howler monkeys
  7 hounds
  6 orc priests
  5 iguanas
  9 orc wizards
  6 gnolls
  9 adders
  A white imp (D:6)
  5 ufetubi
  4 worms
  A dart slug (D:3)
  32 orcs
  6 endoplasms
  2 giant cockroaches
  7 goblins
  9 hobgoblins
  3 jackals
  16 kobolds
  5 quokkas
  6 ball pythons
  4 bats
  A frilled lizard (D:3)
  5 rats
210 creatures vanquished.

Vanquished Creatures (others)
  3 plants (Lair:1)
3 creatures vanquished.

Grand Total: 213 creatures vanquished

Notes
Turn   | Place    | Note
-------+----------+-------------------------------------------
     0 | D:1      | LustLizard the Demonspawn Fighter began the quest for the
                  | Orb.
     0 | D:1      | Reached XP level 1. HP: 18/18 MP: 1/1
     2 | D:1      | Noticed a draconian
     2 | D:1      | Noticed a felid
     4 | D:1      | Noticed a vine stalker
     4 | D:1      | Noticed a gargoyle
     8 | D:1      | Noticed a troll
     8 | D:1      | Noticed a tengu
    10 | D:1      | Noticed a demigod
    10 | D:1      | Noticed a palentonga
    12 | D:1      | Noticed an ogre
    12 | D:1      | Noticed a merfolk
    14 | D:1      | Noticed a vampire
    16 | D:1      | Noticed a minotaur
    16 | D:1      | Noticed a formicid
    18 | D:1      | Noticed a naga
    18 | D:1      | Noticed an octopode
    20 | D:1      | Noticed a meteoran
    20 | D:1      | Noticed a ghoul
    22 | D:1      | Noticed an elf
    22 | D:1      | Noticed a demonspawn
    24 | D:1      | Noticed a formicid
    24 | D:1      | Noticed a human
    26 | D:1      | Noticed a vampire
    26 | D:1      | Noticed a felid
   182 | D:1      | Reached skill level 2 in Long Blades
   264 | D:1      | Gained mutation: You sometimes gain a little power by
                  | taking damage. [demonic ancestry]
   264 | D:1      | Reached XP level 2. HP: 24/24 MP: 2/2
   819 | D:1      | Found a faded altar of an unknown god.
  1154 | D:2      | Reached XP level 3. HP: 27/29 MP: 3/3
  1305 | D:2      | Found a blossoming altar of Fedhas.
  1314 | D:2      | Reached skill level 1 in Dodging
  1347 | D:2      | Reached skill level 1 in Throwing
  1832 | D:2      | Gained mutation: You have large cloven feet. [demonic
                  | ancestry]
  1832 | D:2      | Reached XP level 4. HP: 3/35 MP: 4/4
  2123 | D:3      | Found a glowing drain.
  2137 | D:3      | Reached skill level 3 in Long Blades
  2143 | Sewer    | Entered a sewer
  2228 | Sewer    | Noticed a water moccasin
  2237 | Sewer    | Killed a water moccasin
  2238 | Sewer    | Reached XP level 5. HP: 14/42 MP: 5/5
  3550 | D:4      | Noticed an ogre
  3577 | D:4      | Reached XP level 6. HP: 48/48 MP: 6/6
  3589 | D:4      | Reached skill level 4 in Long Blades
  4185 | D:4      | Noticed Menkaure
  4199 | D:4      | Killed Menkaure
  4200 | D:4      | Reached XP level 7. HP: 21/54 MP: 7/7
  5142 | D:4      | Noticed Pikel
  5188 | D:4      | HP: 1/54 [Pikel/+2 whip of freezing (7)]
  5189 | D:4      | Killed Pikel
  5190 | D:4      | Reached skill level 5 in Long Blades
  5190 | D:4      | Gained mutation: You have hoof-like feet. [demonic
                  | ancestry]
  5190 | D:4      | Reached XP level 8. HP: 1/61 MP: 8/8
  5645 | D:4      | Noticed Eustachio
  5663 | D:4      | Killed Eustachio
  5664 | D:4      | Reached skill level 5 in Fighting
  5754 | D:4      | Found a hide-covered altar of Uskayaw.
  5896 | D:5      | Entered Level 5 of the Dungeon
  5905 | D:5      | Reached skill level 6 in Long Blades
  7091 | D:5      | Reached skill level 7 in Long Blades
  7529 | D:6      | Gained mutation: You are partially covered in icy blue
                  | scales. (AC +2) [demonic ancestry]
  7529 | D:6      | Reached XP level 9. HP: 22/67 MP: 9/9
  8929 | D:6      | Reached skill level 5 in Dodging
  9155 | D:6      | Reached skill level 8 in Long Blades
  9490 | D:6      | Found Aloutoel's Distillery.
  9510 | D:6      | Bought a potion of invisibility for 88 gold pieces
  9833 | D:6      | Found a staircase to the Ecumenical Temple.
  9839 | Temple   | Entered the Ecumenical Temple
  9901 | Temple   | Became a worshipper of Warmaster Okawaru
 10586 | D:7      | Reached skill level 9 in Long Blades
 10738 | D:7      | Reached * piety under Okawaru
 10907 | D:7      | Noticed Joseph
 10923 | D:7      | Killed Joseph
 10924 | D:7      | Reached XP level 10. HP: 47/79 MP: 10/10
 11558 | D:8      | Noticed Psyche
 11566 | D:8      | Killed Psyche
 11884 | D:9      | Reached skill level 10 in Long Blades
 12071 | D:9      | Found a staircase to the Lair.
 12305 | D:9      | Reached ** piety under Okawaru
 12547 | D:10     | Entered Level 10 of the Dungeon
 12720 | D:10     | Noticed an orange demon
 12851 | D:10     | Found a large runed translucent door.
 12851 | D:10     | Found a large runed translucent door.
 13491 | D:10     | Reached skill level 11 in Long Blades
 13715 | D:10     | Found a staircase to the Orcish Mines.
 13738 | D:10     | Reached *** piety under Okawaru
 13857 | D:10     | Found a sacrificial altar of Ru.
 13945 | D:10     | Found a snail-covered altar of Cheibriados.
 14052 | Lair:1   | Entered Level 1 of the Lair of Beasts
 14075 | Lair:1   | Noticed an eight-headed hydra
 14081 | Lair:1   | Noticed a cane toad
 14089 | Lair:1   | Slain by an eight-headed hydra

Illustrated notes

Levels and vault maps discovered:
D:1:      kb_arrival_jail, layout_loops_ring, ebering_ecumenical_altar_webs
D:2:      layout_basic, basic_altar
D:3:      layout_rooms, serial_co_window_serial, co_window_corner_a,
          co_window_paths_a, co_window_paths_b, co_window_paths_a,
          co_window_paths_b, co_window_corner_a, co_window_corner_a,
          co_window_of_opportunity_a, co_window_paths_a,
          co_window_unsneaky_path_c, co_window_2corner, co_window_paths_c,
          co_window_2corner, co_window_4corner_a, glass_columns_c,
          glass_columns_a, glass_columns_b, glass_columns_b,
          portal_sewer_entry_a, minmay_misc_feat_room
D:4:      layout_loops_ring, nicolae_overflow_hidden_temple, elyvilon_altar_3,
          lemuel_flame_loot_1, uniq_pikel, uniq_eustachio, uniq_menkaure
D:5:      layout_loops_corners
D:6:      minmay_recursive_quarters, layout_basic, minmay_temple_entry_fiery,
          serial_shops, nicolae_stop_n_shop_2
D:7:      layout_loops_ring, uniq_joseph
D:8:      layout_rooms, minivault_27, uniq_psyche
D:9:      layout_loops_ring, lair_entry_dummy, grunt_ministairs_12
D:10:     layout_stronghold, jmf_multi_god_temple2, erik_orc_1
Temple:   compressed_dpeg_circular_temple
Lair:1:   layout_regular_city, serial_bayou, serial_bayou_crossing,
          serial_bayou_pond_e, serial_bayou_shore_a, serial_bayou_lake_a,
          serial_bayou_lagoon_a, basic_altar

Skill      XL: |  1  2  3  4  5  6  7  8  9 10 |
---------------+-------------------------------+-----
Long Blades    | 2 3 4 5 7 9 11 | 11.2
Dodging        | 1 2 3 4 6 |  6.0
Throwing       | 1 2 3 4 |  4.0
Fighting       | 4 6 7 9 |  9.0
Armour         | |  2.6
Shields        | |  2.6

Action                   |  1- 3 |  4- 6 |  7- 9 | 10-12 || total
-------------------------+-------+-------+-------+-------++-------
Melee: Long sword        |   108 |   128 |   409 |   215 ||   860
       Kick              |       |    36 |   137 |    92 ||   265
Throw: Boomerang         |       |     4 |     1 |       ||     5
       Dart              |       |       |    15 |       ||    15
  Use: Potion            |       |     2 |     5 |     2 ||     9
       Scroll            |       |     5 |     4 |     7 ||    16
 Stab: Confused          |       |       |       |     1 ||     1
Armor: Chain mail        |    74 |    61 |   108 |       ||   243
       Scale mail        |     1 |       |       |       ||     1
       Plate armour      |       |       |   127 |   153 ||   280
Dodge: Dodged            |    34 |    37 |   145 |    73 ||   289
Block: Buckler           |    17 |    37 |   108 |    54 ||   216
